 Dungeon Crawl Stone Soup version 0.29-a0-286-g41199d4a87 (webtiles) character file.

Game seed: 6287926594695013118

412 jmlagarto the Magician (level 7, -14/47 HPs)
             Began as a Djinni Ice Elementalist on Mar 15, 2022.
             Demolished by an ice beast (16 damage)
             ... on level 5 of the Dungeon on Mar 16, 2022.
             The game lasted 00:11:50 (6543 turns).

jmlagarto the Magician (Djinni Ice Elementalist)    Turns: 6543, Time: 00:11:51

Health: -14/47     AC:  3    Str: 10    XL:     7   Next: 14%
Gold:   281        EV: 13    Int: 18    God:
                   SH:  0    Dex: 14

rFire   + + +      SeeInvis +   q - +9 mace of Floods {venom, rF+ Str+3 SInv}
rCold   x . .      Faith    .   (no shield)
rNeg    . . .      Spirit   .   a - +0 robe
rPois   ∞          Reflect  .   c - +1 hat
rElec   .          Harm     .   (no cloak)
rCorr   .          Rampage  .   (no gloves)
Will    .....                   (boots unavailable)
Stlth   ++........              (no amulet)
HPRegen 0.15/turn               (no ring)
MPRegen 0.00/turn               (no ring)

@: flying, invisible
A: sickness immunity, fire resistance 2, cold vulnerability 1, float, innate
caster, HP casting, extra vitality 1
a: no special abilities


You were on level 5 of the Dungeon.
You visited 1 branch of the dungeon, and saw 5 of its levels.

You collected 281 gold pieces.

Inventory:

Hand Weapons
 g - a +0 short sword
 o - a +0 dagger of flaming
 q - the +9 mace of Floods (weapon) {venom, rF+ Str+3 SInv}
   (You found it on level 4 of the Dungeon)

   It poisons the flesh of those it strikes.
   Str:       It affects your strength (+3).
   rF:        It protects you from fire.
   SInv:      It lets you see invisible.
 s - the +4 hand axe of the Invisible Tusks {vorpal, rN+}
   (You found it on level 4 of the Dungeon)

   It inflicts extra damage upon your enemies.
   rN:        It protects you from negative energy.
Armour
 a - a +0 robe (worn)
 c - a +1 hat (worn)
Magical Staves
 p - a staff of death
Scrolls
 h - a scroll of teleportation {unknown}
 k - 2 scrolls of enchant weapon {unknown}
 l - a scroll of summoning {unknown}
 m - 2 scrolls of identify
 t - a scroll of blinking {unknown}
 v - a scroll of fog {unknown}
Potions
 d - 3 potions of magic {unknown}
 e - a potion of brilliance {unknown}
 f - a potion of resistance {unknown}
 i - a potion of degeneration {unknown}
 j - a potion of cancellation {unknown}
 n - a potion of curing {unknown}
 r - 2 potions of haste {unknown}
 u - a potion of might {unknown}


   Skills:
 + Level 1.1 Fighting
 + Level 1.2 Short Blades
 + Level 0.2 Maces & Flails
 + Level 3.1 Dodging
 + Level 2.0 Stealth
 + Level 5.6 Spellcasting


You had one spell level left.
You knew the following spells:

 Your Spells              Type           Power      Damage    Failure   Level
a - Freeze                Ice            100%       1d11      1%          1
b - Frozen Ramparts       Ice            50%        1d7       3%          3
c - Ozocubu's Armour      Ice            25%        N/A       3%          3
d - Hailstorm             Conj/Ice       25%        3d7       12%         4
e - Summon Small Mammal   Summ           100%       N/A       1%          1
f - Searing Ray           Conj           50%        2d6       1%          2
g - Wereblood             Tmut           25%        N/A       1%          2
Your spell library was empty.

Dungeon Overview and Level Annotations

Branches:
Dungeon (5/15)
 Temple: D:4-7

Altars:
Hepliaklqana
Qazlal
Wu Jian


Innate Abilities, Weirdness & Mutations

You are immune to sickness and miasma.
You are immune to poison.
Your flesh is very heat resistant. (rF++)
You are vulnerable to cold. (rC-)
You float through the air rather than walking.
You learn spells naturally, not from books.
Your magical power is your life essence.
You have superior vitality. (+4 MHP)


Message History

You kill the ufetubus!
Found a club.
d - 3 metallic ruby potions (gained 1)
An adder comes into view.
You see here 10 gold pieces.
An adder is nearby!
The adder hisses angrily.
The adder barely misses you.
You thump the adder!
You kill the adder!
You now have 281 gold pieces (gained 10).
You reach down and open the door.
An ice beast comes into view.
An ice beast is nearby!
There is an open door here.
You closely miss the ice beast. The ice beast barely misses you. x2
You hit the ice beast.
The ice beast is moderately wounded.
The ice beast barely misses you.
You sock the ice beast!
The ice beast is poisoned.
The ice beast is heavily wounded.
The ice beast closely misses you.
You barely miss the ice beast.
The ice beast is heavily wounded.
The ice beast closely misses you. The ice beast hits you.
The ice beast freezes you!
You feel a terrible chill!
You hit the ice beast.
The ice beast is severely wounded.
The ice beast hits you. The ice beast freezes you!
You feel a terrible chill!
You hit the ice beast.
The ice beast looks as sick as possible!
The ice beast is severely wounded.
The ice beast hits you but does no damage.
The ice beast hits you. The ice beast freezes you!
You feel a terrible chill!
* * * LOW HITPOINT WARNING * * *
You fade into invisibility!
The ice beast hits you.
* * * LOW HITPOINT WARNING * * *
The ice beast freezes you!
You feel a terrible chill!
You die...

#........##### ...
#........# ...
#........# ....
#........+ #...
#####........###+
##...##...#........#...#
#.........#........#....
#.........#........#....
#.....Y@..#........#....
########'##........#...#
#........##+######+#
#........#..........
#........#..........
#........#..........
#........#..........
#........+<.........
#........#..........


You could see an ice beast (can't see you, extremely poisoned).

Vanquished Creatures
  2 iguanas
  An orc priest (D:4)
  8 gnolls
  7 adders
  A river rat (D:3)
  An ufetubus (D:5)
  2 worms
  2 dart slugs
  3 orcs
  12 endoplasms
  6 giant cockroaches
  7 goblins
  6 hobgoblins
  3 jackals (D:2)
  3 quokkas (D:3)
  8 ball pythons
  5 bats
  16 frilled lizards
  3 kobolds
  6 rats
102 creatures vanquished.

Vanquished Creatures (collateral kills)
  A necrophage (D:4)
  A quokka (D:3)
2 creatures vanquished.

Grand Total: 104 creatures vanquished

Notes
Turn   | Place    | Note
-------+----------+-------------------------------------------
     0 | D:1      | jmlagarto the Djinni Ice Elementalist began the quest for
                  | the Orb.
     0 | D:1      | Reached XP level 1. HP: 15/15 MP: 0/0
   561 | D:1      | Reached XP level 2. HP: 8/21 MP: 0/0
  1546 | D:1      | Reached XP level 3. HP: 18/25 MP: 0/0
  1546 | D:1      | Learned a level 1 spell: Summon Small Mammal
  2063 | D:2      | Reached skill level 4 in Spellcasting
  2509 | D:2      | Reached XP level 4. HP: 28/31 MP: 0/0
  3260 | D:3      | Found a hazy altar of Hepliaklqana.
  3277 | D:3      | Found an ornate altar of the Wu Jian Council.
  3281 | D:3      | Found a stormy altar of Qazlal.
  3371 | D:3      | Reached XP level 5. HP: 20/35 MP: 0/0
  3371 | D:3      | Learned a level 2 spell: Searing Ray
  3957 | D:3      | Found a faded altar of an unknown god.
  4724 | D:4      | Reached skill level 5 in Spellcasting
  4724 | D:4      | Reached XP level 6. HP: 41/41 MP: 0/0
  4936 | D:4      | Reached skill level 1 in Short Blades
  5203 | D:4      | Reached skill level 1 in Fighting
  5519 | D:4      | Identified the +9 mace of Floods {venom, rF+ Str+3 SInv}
  5582 | D:4      | Identified the +4 hand axe of the Invisible Tusks {vorpal,
                  | rN+}
  5994 | D:4      | Reached XP level 7. HP: 31/47 MP: 0/0
  5994 | D:4      | Learned a level 2 spell: Wereblood
  6162 | D:5      | Entered Level 5 of the Dungeon
  6163 | D:5      | Upgraded the game from 0.29-a0-284-gf9362112df to
                  | 0.29-a0-286-g41199d4a87
  6543 | D:5      | HP: 2/47 [ice beast (3)]
  6543 | D:5      | Demolished by an ice beast

Illustrated notes

Levels and vault maps discovered:
D:1:      eino_arrival_cavern_a, layout_loops_ring, minmay_lizard_pond
D:2:      layout_loops_cross
D:3:      layout_basic, nicolae_overflow_hidden_temple,
          minmay_overflow_temple_star_quad, portal_sewer_entry_e,
          hellmonk_ecumenical_altar_zigzags
D:4:      layout_rooms, minmay_lizard_king
D:5:      layout_gridville, serial_shops, nicolae_shop_stone

Skill      XL: |  1  2  3  4  5  6 |
---------------+-------------------+-----
Spellcasting   | 4 5 |  5.6
Short Blades   | 1 |  1.2
Dodging        | 3 |  3.1
Fighting       | 1 |  1.1
Stealth        | 2 |  2.0
Maces & Flails | |  0.2

Action                   |  1- 3 |  4- 6 |  7- 9 || total
-------------------------+-------+-------+-------++-------
Melee: Unarmed           |     6 |       |       ||     6
       Short sword       |     8 |    26 |       ||    34
       Dagger            |       |    15 |       ||    15
       Mace              |       |    12 |     8 ||    20
       Punch             |       |     1 |       ||     1
 Cast: Freeze            |    53 |    64 |     2 ||   119
       Frozen Ramparts   |       |     8 |     1 ||     9
       Ozocubu's Armour  |       |     3 |     1 ||     4
       Summon Small Mamm |       |     5 |       ||     5
       Hailstorm         |       |     1 |       ||     1
  Use: Scroll            |     3 |       |       ||     3
       Potion            |       |     1 |     1 ||     2
 Stab: Sleeping          |     2 |     3 |       ||     5
Armor: Robe              |    10 |    28 |     3 ||    41
Dodge: Dodged            |    36 |    59 |     7 ||   102

Table legend: (Time is in decaauts)
 A = Elapsed time spent in this place.
 B = Non-inter-level travel time spent in this place.
 C = Inter-level travel time spent in this place.
 D = Time resting spent in this place.
 E = Time spent auto-exploring this place.
 F = Levels seen in this place.
 G = Mean time per level.
                   A        B        C        D        E       F      G
               +--------+--------+--------+--------+--------+-----+--------+
         Total |   6551 |   6396 |    155 |    200 |   5481 |   5 | 1310.2 |
       Dungeon |   6551 |   6396 |    155 |    200 |   5481 |   5 | 1310.2 |
               +--------+--------+--------+--------+--------+-----+--------+

Top non-repeatable levels by time:
     D:1: 1948 daAuts
     D:4: 1570 daAuts
     D:3: 1430 daAuts
     D:2: 1218 daAuts
     D:5: 383 daAuts
